 Dungeon Crawl Stone Soup version 0.16.1-66-g04f09c5 (webtiles) character file.

177 RepoMan the Insei (level 5, 0/25 HPs)
             Began as a Vine Stalker Transmuter on Aug 11, 2015.
             Succumbed to an orc wizard's poison
             ... on level 2 of the Dungeon.
             The game lasted 00:16:22 (1882 turns).

RepoMan the Insei (Vine Stalker Transmuter)         Turns: 1882, Time: 00:16:22

Health: 0/25       AC:  5    Str: 14    XL:     5   Next: 57%
Magic:  1/13       EV: 11    Int: 13    God:
Gold:   108        SH:  0    Dex: 14    Spells: 2 memorised, 7 levels left

rFire  . . .     SeeInvis .       - Unarmed
rCold  . . .     Clarity  .     m - +0 ring mail
rNeg   . . .     SustAb   .     (no shield)
rPois  .         Gourm    .     (no helmet)
rElec  .         Spirit   +     (no cloak)
rCorr  .         Warding  .     (no gloves)
rMut   .         Stasis   .     (no boots)
MR     .....                    (no amulet)
Stlth  +.........               (no ring)
                                (no ring)

@: lethally poisoned (0 -> -2), not resistant to hostile enchantments, very
unstealthy
A: fangs 2, regeneration 1, magic shield, antimagic bite, no device heal 3, rot
immunity
a: no special abilities


You were on level 2 of the Dungeon.
You were hungry.

You visited 1 branch of the dungeon, and saw 3 of its levels.

You collected 108 gold pieces.

Inventory:

Missiles
 b - 44 arrows
 k - 8 poisoned arrows
Armour
 m - a +0 ring mail (worn)
Jewellery
 g - a +4 ring of strength {unknown}
 i - an uncursed ring of ice {unknown}
Magical devices
 j - a wand of fire (10)
Scrolls
 e - 2 scrolls of remove curse {unknown}
 l - a scroll of amnesia {unknown}
 n - a scroll of identify {unknown}
 o - a scroll of enchant weapon {unknown}
 s - a scroll of teleportation {unknown}
 t - a scroll of enchant armour {unknown}
Potions
 h - a potion of lignification {unknown}
 q - a potion of brilliance {unknown}
 r - a potion of invisibility {unknown}
Books
 d - a book of Changes

   Spells                             Type                      Level
   a - Beastly Appendage              Transmutation                1
   b - Sticks to Snakes               Transmutation                2
   c - Spider Form                    Transmutation/Poison         3
   d - Ice Form                       Ice/Transmutation            4
   e - Blade Hands                    Transmutation                5
Comestibles
 a - 2 bread rations
 c - a slice of pizza
 u - 4 fruits


   Skills:
 - Level 0.8 Fighting
 + Level 1.4 Armour
 - Level 1.5 Dodging
 + Level 3.9 Unarmed Combat
 + Level 3.3 Spellcasting
 * Level 3.6 Transmutations


You had 7 spell levels left.
You knew the following spells:

 Your Spells              Type           Power        Failure   Level  Hunger
a - Beastly Appendage     Trmt           ##....       14%         1    #......
s - Sticks to Snakes      Trmt           ##........   21%         2    ##.....


Dungeon Overview and Level Annotations

Branches:
Dungeon (3/15)

Altars:
Cheibriados
Nemelex Xobeh
Beogh

Annotations:
D:2 Jessica


Innate Abilities, Weirdness & Mutations

You have extremely sharp teeth.
Your natural rate of healing is unusually fast.
When hurt, damage is shared between your health and your magic reserves.
Your bite disrupts and absorbs the magic of your enemies.
Potions and wands cannot restore your health.
You are immune to rotting.


Message History

The orc wizard glows brightly for a moment.
You feel sick.
You are no longer poisoned.
The giant gecko barely misses you. The giant gecko closely misses you.
The giant gecko closely misses you.
The giant gecko bites you but does no damage.
The giant gecko barely misses you.
There is a stone staircase leading up here.
The orc wizard points at you and mumbles some strange words.
The puff of frost misses you.
The giant gecko bites you but does no damage.
The orc priest mumbles some strange prayers to Beogh against you.
Something smites you!
* * * LOW HITPOINT WARNING * * *
The orc wizard hits you but does no damage.
You are lethally poisoned!
Your magical contamination has completely faded away.
You climb upwards.
Level annotation: Jessica You die...

#.......# ####.#### # ########g#
##### ######## #...).##.#
#...#########..†.... #.....#..#
#.............######
#.....#.#####...###########
#..........<.#.#################
###.###.####..).................
###.# #.# ###o@l###############
#...# #.# ###.### # ##...###.#
#...## ## #....#...# ###..## #.
#....#.#############..# ##.
#..(......)......####.## #####÷.
#.>..#(#########.......####.....#
##..##.# ######...)...#####
#..#..# #.####...####


You could see an orc wizard and a giant gecko.

Vanquished Creatures
  A phantom (D:3)
  3 gnolls (D:3)
  An adder (D:3)
  3 worms
  4 orcs
  3 bats
  2 giant cockroaches
  8 goblins
  11 hobgoblins
  10 kobolds
  2 ball pythons
  A giant gecko (D:1)
  7 giant newts
  14 rats
70 creatures vanquished.

Vanquished Creatures (collateral kills)
  An adder (D:2)
  An orc (D:2)
2 creatures vanquished.

Grand Total: 72 creatures vanquished

Notes
Turn   | Place    | Note
--------------------------------------------------------------
     0 | D:1      | RepoMan, the Vine Stalker Transmuter, began the quest for the Orb.
     0 | D:1      | Reached XP level 1. HP: 9/9 MP: 3/3
    67 | D:1      | Reached XP level 2. HP: 12/14 MP: 6/6
    72 | D:1      | Learned a level 2 spell: Sticks to Snakes
   393 | D:1      | Reached XP level 3. HP: 14/17 MP: 7/7
   971 | D:2      | Reached XP level 4. HP: 18/21 MP: 1/9
   984 | D:2      | Found a sparkling altar of Nemelex Xobeh.
  1137 | D:2      | Found a snail-covered altar of Cheibriados.
  1139 | D:2      | Noticed Jessica
  1264 | D:3      | Reached skill level 1 in Armour
  1379 | D:3      | Noticed a phantom
  1410 | D:3      | Killed a phantom
  1410 | D:3      | Reached XP level 5. HP: 17/25 MP: 2/13
  1846 | D:3      | Found a roughly hewn altar of Beogh.
  1881 | D:3      | HP: 1/25 [orc priest/divine providence (7)]
  1882 | D:2      | Succumbed to an orc wizard's poison

Action                   |  1- 3 |  4- 6 || total
-------------------------+-------+-------++-------
Melee: Unarmed           |   140 |    92 ||   232
 Cast: Beastly Appendage |     4 |     7 ||    11
       Sticks to Snakes  |     8 |     9 ||    17
  Use: Potion            |       |     1 ||     1
  Eat: Chunk             |     1 |     3 ||     4
